 Dungeon Crawl Stone Soup version 0.28.0-45-g0d030f2227 (webtiles) character file.

Game seed: 6465190351917255509

168626 CuBeRJAN3 the Thaumaturge (level 17, 0/86 (104) HPs)
             Began as a Gargoyle Fire Elementalist on Apr 2, 2022.
             Was the Champion of Ru.
             Slain by a ghost moth (1 damage)
             ... on level 2 of the Spider Nest on Apr 5, 2022.
             The game lasted 03:09:17 (53059 turns).

CuBeRJAN3 the Thaumaturge (GrFE)                   Turns: 53059, Time: 03:09:18

HP:   0/86 (104)    AC: 23    Str:  6 (11) XL:     17   Next: 65%
MP:   0/35          EV: 18    Int: 31 (34) God:    Ru [******]
Gold: 731           SH:  0    Dex: 18 (24) Spells: 4/44 levels left

rFire   . . .      SeeInvis +   G - staff of conjuration
rCold   . . .      Faith    .   (no shield)
rNeg    + + .      Spirit   .   R - +5 robe of the Valley {rElec rN+ Dex+6}
rPois   ∞          Reflect  .   f - +2 hat
rElec   +          Harm     .   P - +2 cloak
rCorr   +          Rampage  .   l - +0 pair of gloves
Will    ++...                   J - +2 pair of boots
Stlth   +++++.....              j - amulet "Yfoiwuiv" {Regen+ Str+3 Int+4 Dex+4}
HPRegen 1.04/turn               A - ring of Feiliq {rPois Str-4 Int+3 Dex+4 SInv}
MPRegen 0.24/turn               L - ring of Hyde {Will+ rCorr Int+3 SInv}

@: flying, heavily drained
A: sickness immunity, AC +12, big wings, negative energy resistance 1,
electricity resistance, torment resistance 1, petrification resistance, no
potion heal 2, inability to use devices, inability to train armour, reduced AC 1
}: 1/15 runes: decaying
a: Renounce Religion, Draw Out Power, Power Leap, Apocalypse


You were on level 2 of the Spider Nest.
You worshipped Ru.
Ru was exalted by your worship.
You visited 6 branches of the dungeon, and saw 28 of its levels.
You also visited: Ossuary.

You collected 2936 gold pieces.
You spent 2205 gold pieces at shops.

Inventory:

Armour
 f - a +2 hat (worn)
 l - a +0 pair of gloves (worn)
 m - a +2 robe of willpower
 J - a +2 pair of boots (worn)
 P - a +2 cloak (worn)
 R - the +5 robe of the Valley (worn) {rElec rN+ Dex+6}
   (You bought it in a shop on level 2 of the Orcish Mines)

   Dex:       It affects your dexterity (+6).
   rElec:     It insulates you from electricity.
   rN:        It protects you from negative energy.
Magical Staves
 G - a staff of conjuration (weapon)
Jewellery
 a - a +6 ring of dexterity
 j - the amulet "Yfoiwuiv" (around neck) {Regen+ Str+3 Int+4 Dex+4}
   (You bought it in a shop on level 2 of the Orcish Mines)

   [amulet of regeneration]

   Str:       It affects your strength (+3).
   Int:       It affects your intelligence (+4).
   Dex:       It affects your dexterity (+4).
   Regen:     It increases your rate of health regeneration.
 A - the ring of Feiliq (left hand) {rPois Str-4 Int+3 Dex+4 SInv}
   (You found it on level 4 of the Dungeon)

   [ring of poison resistance]

   Str:       It affects your strength (-4).
   Int:       It affects your intelligence (+3).
   Dex:       It affects your dexterity (+4).
   rPois:     It protects you from poison.
   SInv:      It lets you see invisible.
 L - the ring of Hyde (right hand) {Will+ rCorr Int+3 SInv}
   (You bought it in a shop on level 2 of the Orcish Mines)

   [ring of resist corrosion]

   Int:       It affects your intelligence (+3).
   SInv:      It lets you see invisible.
   rCorr:     It protects you from acid and corrosion.
   Will:      It increases your willpower.
 O - a ring of wizardry
Scrolls
 g - 6 scrolls of fog
 h - 6 scrolls of teleportation
 k - 4 scrolls of vulnerability
 n - 2 scrolls of silence {unknown}
 o - 4 scrolls of immolation
 p - 7 scrolls of magic mapping
 q - 4 scrolls of amnesia
 r - 2 scrolls of fear {unknown}
 t - 4 scrolls of blinking
 u - 2 scrolls of torment {unknown}
 y - a scroll of holy word {unknown}
 M - 2 scrolls of noise
 N - a scroll of acquirement {unknown}
 Y - 5 scrolls of enchant weapon
Potions
 b - 5 potions of heal wounds
 c - 4 potions of cancellation
 d - a potion of invisibility {unknown}
 e - 3 potions of attraction {unknown}
 i - 21 potions of curing
 s - 4 potions of mutation
 v - 3 potions of might {unknown}
 w - 6 potions of haste
 x - 4 potions of degeneration
 z - 5 potions of flight
 D - 3 potions of magic
 E - 6 potions of brilliance
 F - 4 potions of resistance {unknown}
 Q - 5 potions of lignification {unknown}


   Skills:
 + Level 11.5 Fighting
 - Level 6.4 Short Blades
 + Level 9.3 Dodging
 - Level 11.0 Stealth
 * Level 14.0 Spellcasting
 + Level 11.9 Conjurations
 - Level 6.8 Hexes
 + Level 8.7 Summonings
 - Level 7.0 Translocations
 + Level 10.5 Fire Magic
 - Level 4.6 Air Magic


You had 4 spell levels left.
You knew the following spells:

 Your Spells              Type           Power      Damage    Failure   Level
a - Foxfire               Conj/Fire      100%       2x1d9     1%          1
b - Scorch                Fire           100%       2d10      1%          2
c - Inner Flame           Hex/Fire       66%        N/A       1%          3
d - Conjure Flame         Conj/Fire      95%        6-21      1%          3
e - Flame Wave            Conj/Fire      95%        2d16      1%          4
f - Orb of Destruction    Conj           48%        9d13      14%         7
g - Iskenderun's Mystic   Conj/Tloc      88%        2d17      1%          4
h - Summon Lightning Spi  Summ/Air       59%        N/A       1%          4
i - Starburst             Conj/Fire      47%        6d13      3%          6
j - Summon Cactus Giant   Summ           33%        N/A       9%          6

Your spell library contained the following spells:

 Spells                   Type           Power      Damage    Failure   Level
 Apportation              Tloc           100%       N/A       1%          1
 Summon Small Mammal      Summ           100%       N/A       1%          1
 Call Canine Familiar     Summ           66%        N/A       1%          3
 Confusing Touch          Hex            59%        N/A       1%          3
 Dazzling Flash           Conj/Hex       100%       N/A       1%          3
 Summon Guardian Golem    Hex/Summ       63%        N/A       1%          3
 Animate Skeleton         Necr           42%        N/A       2%          1
 Wereblood                Tmut           21%        N/A       3%          2
 Anguish                  Hex/Necr       21%        N/A       5%          4
 Ozocubu's Armour         Ice            21%        N/A       6%          3
 Petrify                  Tmut/Erth      21%        N/A       22%         4
 Irradiate                Conj/Tmut      36%        3d25      5%          5
 Freezing Cloud           Conj/Ice/Air   35%        6-21      6%          5
 Metabolic Englaciation   Hex/Ice        21%        N/A       14%         5
 Yara's Violent Unravell  Hex/Tmut       21%        3d10      14%         5
 Spellforged Servitor     Conj/Summ      45%        N/A       26%         7
 Summon Hydra             Summ           33%        N/A       45%         7
 Alistair's Intoxication  Tmut/Pois      14%        N/A       52%         5
 Excruciating Wounds      Necr           10%        N/A       52%         5
 Malign Gateway           Summ/Tloc      31%        N/A       58%         7
 Enfeeble                 Hex            29%        N/A       73%         7
 Simulacrum               Ice/Necr       10%        N/A       97%         6
 Summon Horrible Things   Summ           33%        N/A       98%         8
 Storm Form               Tmut/Air       18%        N/A       100%        7
 Borgnjor's Revivificati  Necr           10%        N/A       100%        8
 Maxwell's Capacitive Co  Air            25%        ∞         100%        8
 Necromutation            Tmut/Necr      10%        N/A       100%        8
 Death's Door             Necr           10%        N/A       100%        9
 Polar Vortex             Ice            10%        N/A       100%        9
 Sublimation of Blood     Necr           Unusable   N/A       N/A         2

Dungeon Overview and Level Annotations

Branches:
Dungeon (12/15)            Temple (1/1) D:4            Lair (6/6) D:11
  Swamp (4/4) Lair:2       Spider (3/4) Lair:2        Slime (0/5) Lair:6
    Orc (2/2) D:11            Elf (0/3) Orc:2       Ossuary (visited)

Altars:
Ashenzari
Cheibriados
Dithmenos
Elyvilon
Fedhas
Gozag
Hepliaklqana
Kikubaaqudgha
Makhleb
Nemelex Xobeh
Okawaru
Qazlal
Ru
Sif Muna
Trog
Uskayaw
Vehumet
Wu Jian
Xom
Yredelemnul
The Shining One
Beogh
Jiyva

Shops:
D:12 (   Orc:2 [**:*==(

Annotations:
D:3 Grinder
D:6 1 runed translucent door, exclusion: door, Crazy Yiuf
D:8 Erica
D:10 Erolcha
Swamp:3 exclusion: door
Spider:1 Nikola


Innate Abilities, Weirdness & Mutations

You are immune to sickness and miasma.
Your stone body is resilient. (AC +12)
You are immune to poison.
Your large and strong wings let you fly.
You resist negative energy. (rN+)
You are resistant to electric shocks. (rElec)
You are resistant to unholy torment.
You are immune to petrification.
Potions cannot restore your health.
You cannot study or use magical devices.
You cannot train Armour skill.
You take slightly more damage. (AC -5)


Message History

The ghost moth hits you but does no damage. x2
The ghost moth stings you but does no damage.
You closely miss the ghost moth.
The ghost moth begins to attack, but is stunned by your conviction!
The ghost moth closely misses you.
The ghost moth hits you but does no damage.
The ghost moth stings you!
You feel clumsy.
You closely miss the ghost moth. The ghost moth stares at you.
The ghost moth is stunned by your conviction and fails to attack.
You hit the ghost moth.
The ghost moth is lightly wounded.
The ghost moth stares at you. The ghost moth barely misses you.
The ghost moth closely misses you. The ghost moth barely misses you.
The ghost moth closely misses you. The ghost moth hits you!
The ghost moth stings you.
You feel clumsy.
You hit the ghost moth but do no damage.
The ghost moth stares at you.
You feel your power leaking away. The ghost moth hits you!
* * * LOW HITPOINT WARNING * * *
The ghost moth hits you.
* * * LOW HITPOINT WARNING * * *
The ghost moth stings you but does no damage.
You hit the ghost moth but do no damage.
The ghost moth stares at you.
The ghost moth hits you but does no damage.
The ghost moth hits you!
* * * LOW HITPOINT WARNING * * *
You feel weakened.
The ghost moth stings you but does no damage.
You completely miss the ghost moth. The ghost moth stares at you.
The ghost moth is stunned by your conviction and fails to attack.
The ghost moth hits you!
* * * LOW HITPOINT WARNING * * *
The ghost moth hits you.
You die...

##^#.#.....#...# ##..#..#...^.
####.#####y....# ####..#...##
^##≈≈≈##.#.....# ####
##.^#####^
..#≈≈≈#.....######..####...#
##.^ ...#≈#.....##
##....##...## #...
.#.#≈#.#.###
##......#..#####..# ###≈≈≈####
##....##.^..###...##
###≈≈≈####
#.....#...^###..^.#.
.#^#≈#.#.##
#..@..#...####....##
...#≈#....#
##.y..#####..####^.#
..#≈≈≈#...#
#...###.......#.....
.##≈y≈##.##
#...................
####.#####
##........#....#....
#.#########........##...###..#
#............##....##..## ####
###########.^.^..#...^.#
#.....###...##


You could see a ghost moth (invisible).

Vanquished Creatures
  Kirke (Swamp:1)
  Donald (Orc:2)
  2 fenstrider witches
  An emperor scorpion (Spider:3)
  An orc warlord (Orc:1)
  Aizul (Swamp:2)
  A ghost moth (Spider:1)
  A very ugly thing (Swamp:4)
  3 entropy weavers
  5 bunyips
  A dire elephant (Lair:6)
  2 eleionomae
  2 green deaths (Swamp:4)
  Josephine (Lair:5)
  A shambling mangrove (Swamp:3)
  2 great orbs of eyes (Swamp:4)
  A hell beast (Swamp:4)
  3 boulder beetles (D:12)
  A centaur warrior (D:12)
  A catoblepas (Lair:6)
  20 hydras
  3 alligators
  A ghost crab (Swamp:3)
  4 two-headed ogres
  2 jorogumos
  4 death yaks
  3 orc high priests (Orc:2)
  A spriggan berserker (Swamp:4)
  3 spriggans
  6 goliath frogs
  A pharaoh ant (Spider:3)
  4 steelbarb worms
  A sun moth (Spider:3)
  2 bog bodies (Swamp:4)
  4 spriggan druids
  An orb spider (Spider:1)
  4 swamp dragons
  A lindwurm (Lair:6)
  2 orc knights (Orc:2)
  4 orc sorcerers (Orc:2)
  2 ugly things (Swamp:4)
  A will-o-the-wisp (Swamp:2)
  10 elephants
  14 wolf spiders
  2 moths of wrath
  9 black mambas
  A guardian serpent (Lair:6)
  2 orange demons (Swamp:4)
  19 cane toads
  6 torpor snails
  3 kobold demonologists (D:12)
  11 demonic crawlers
  10 rime drakes
  8 komodo dragons
  3 trolls
  2 bloated husks
  A polar bear (Lair:3)
  7 tyrant leeches
  4 hornets
  2 nameless horrors
  8 slime creatures
  Prince Ribbit (Lair:2)
  26 blink frogs
  21 tarantellas
  7 dream sheep
  3 wraiths
  15 culicivoras
  A small abomination (Swamp:4)
  13 jumping spiders
  12 wyverns
  3 shadows
  3 large abominations (Swamp:4)
  4 hogs (Swamp:1)
  36 yaks
  8 basilisks
  3 steam dragons
  43 redbacks
  A warg (Orc:1)
  21 swamp worms
  19 water moccasins
  A hell hound (Lair:6)
  3 swamp drakes
  16 orc warriors
  An ice beast (D:6)
  3 black bears
  9 ogres
  6 wolves
  9 centaurs
  A phantom (D:6)
  7 kobold brigands
  13 bullfrogs
  A scorpion (D:5)
  8 gnoll sergeants
  7 howler monkeys
  An electric eel (Lair:1)
  2 bullfrog zombies (D:5)
  3 centaur zombies
  5 hounds
  2 jellies (D:5)
  2 gnoll shamans
  15 orc priests
  A bullfrog skeleton (D:7)
  Jessica (D:3)
  Ijyb (D:5)
  2 iguanas (Lair:2)
  25 orc wizards
  8 hell rats (Lair:6)
  3 killer bee zombies
  8 mummies (Ossuary)
  2 howler monkey zombies (D:9)
  21 gnolls
  6 adders
  3 ufetubi
  2 adder skeletons (D:4)
  A worm (D:3)
  2 dart slugs
  56 orcs
  7 bats
  5 endoplasms
  3 giant cockroaches
  3 goblins
  4 hobgoblins
  12 jackals
  20 kobolds
  4 quokkas
  9 ball pythons
  2 frilled lizards (D:1)
  A hobgoblin zombie (Ossuary)
  3 kobold zombies (Ossuary)
  4 orc zombies (Ossuary)
  6 rats
808 creatures vanquished.

Vanquished Creatures (collateral kills)
  A fenstrider witch (Swamp:3)
  A bunyip (Swamp:3)
  An alligator (Swamp:2)
  A death yak (Lair:6)
  A goliath frog (Swamp:2)
  A bog body (Swamp:4)
  An orc knight (Orc:2)
  A wolf spider (Lair:6)
  3 ugly things (Swamp:4)
  4 black mambas (Lair:6)
  3 elephants (Lair:6)
  5 cane toads
  A torpor snail (Lair:6)
  A tyrant leech (Swamp:2)
  6 slime creatures (Swamp:4)
  9 blink frogs
  A jumping spider (Lair:2)
  A wraith (Lair:5)
  4 wyverns (Lair:6)
  3 yaks (Lair:5)
  2 basilisks
  2 redbacks (Lair:6)
  4 water moccasins (Lair:6)
  3 orc warriors
  2 orcs (Orc:1)
  10 foxfires
72 creatures vanquished.

Vanquished Creatures (others)
  2 hydras (Swamp:4)
  An orc knight (Orc:2)
  A wolf spider (Spider:2)
  2 bloated husks
  A dream sheep (Lair:6)
  3 culicivoras
  2 yaks
  A warg (Orc:1)
  A swamp worm (Swamp:2)
  A bullfrog (Lair:3)
  An orc (D:9)
  2696 foxfires
  64 fungi
  149 plants
2925 creatures vanquished.

Grand Total: 3805 creatures vanquished

Notes
Turn   | Place    | Note
-------+----------+-------------------------------------------
     0 | D:1      | CuBeRJAN3 the Gargoyle Fire Elementalist began the quest
                  | for the Orb.
     0 | D:1      | Reached XP level 1. HP: 10/10 MP: 3/3
   272 | D:1      | Reached XP level 2. HP: 15/15 MP: 0/5
   332 | D:1      | Learned a level 2 spell: Scorch
   876 | D:1      | Reached XP level 3. HP: 19/19 MP: 2/6
  1446 | D:2      | Learned a level 3 spell: Inner Flame
  1624 | D:2      | Found a faded altar of an unknown god.
  1727 | D:2      | Reached XP level 4. HP: 24/24 MP: 2/7
  2425 | D:3      | Noticed Jessica
  2428 | D:3      | Killed Jessica
  2596 | D:3      | Reached XP level 5. HP: 27/28 MP: 5/9
  2982 | D:3      | Noticed Grinder
  3039 | D:4      | Reached skill level 3 in Spellcasting
  3052 | D:4      | Reached XP level 6. HP: 22/33 MP: 3/10
  3144 | D:4      | Found a staircase to the Ecumenical Temple.
  3153 | Temple   | Entered the Ecumenical Temple
  3312 | Temple   | Became a worshipper of Ru the Awakened
  3408 | D:4      | Found a sand-covered staircase.
  3412 | Ossuary  | Entered an ossuary
  3543 | Ossuary  | Reached skill level 1 in Fighting
  3719 | Ossuary  | Learned a level 3 spell: Conjure Flame
  3749 | Ossuary  | Reached skill level 1 in Short Blades
  4138 | D:4      | Reached XP level 7. HP: 38/38 MP: 3/12
  4289 | D:4      | Found a bloodstained altar of Trog.
  4291 | D:4      | Found a shimmering blue altar of Sif Muna.
  4291 | D:4      | Found a glowing golden altar of the Shining One.
  4769 | D:4      | Learned a level 4 spell: Flame Wave
  4879 | D:4      | Identified the ring of Feiliq {rPois Str-4 Int+3 Dex+4
                  | SInv}
  4882 | D:4      | Gained mutation: You take slightly more damage. (AC -5) [Ru
                  | sacrifice]
  4882 | D:4      | Reached * piety under Ru
  5162 | D:5      | Entered Level 5 of the Dungeon
  5459 | D:5      | Reached skill level 4 in Spellcasting
  5621 | D:5      | Found a radiant altar of Vehumet.
  5780 | D:5      | Noticed Ijyb
  5785 | D:5      | Killed Ijyb
  6007 | D:5      | Reached skill level 1 in Summonings
  6007 | D:5      | Reached XP level 8. HP: 45/45 MP: 8/14
  6363 | D:5      | Found a burning altar of Makhleb.
  6596 | D:6      | Reached skill level 1 in Translocations
  6833 | D:6      | Found a runed translucent door.
  6834 | D:6      | Noticed Crazy Yiuf
  7001 | D:6      | Learned a level 3 spell: Summon Guardian Golem
  7020 | D:6      | Found a hazy altar of Hepliaklqana.
  7021 | D:6      | Found a shimmering altar of Xom.
  7022 | D:6      | Found a hide-covered altar of Uskayaw.
  7260 | D:6      | Reached skill level 1 in Hexes
  7326 | D:6      | Identified the +0 robe of the Onion {Harm}
  7439 | D:6      | Found a snail-covered altar of Cheibriados.
  7439 | D:6      | Found an iron altar of Okawaru.
  7891 | D:6      | Reached skill level 5 in Spellcasting
  8377 | D:7      | Reached skill level 5 in Stealth
  8377 | D:7      | Reached XP level 9. HP: 45/51 MP: 9/16
  8821 | D:7      | Found a blossoming altar of Fedhas.
  8840 | D:7      | Gained mutation: Potions are less effective at restoring
                  | your health. [Ru sacrifice]
  8840 | D:7      | Reached ** piety under Ru
  8906 | D:7      | Noticed a two-headed ogre
  8936 | D:7      | Killed a two-headed ogre
  8937 | D:7      | Reached skill level 5 in Fire Magic
 10505 | D:8      | Reached skill level 6 in Spellcasting
 10586 | D:8      | Learned a level 4 spell: Iskenderun's Mystic Blast
 10654 | D:8      | Found an opulent altar of Gozag.
 11230 | D:8      | Noticed Erica
 11308 | D:8      | Reached skill level 5 in Conjurations
 11308 | D:8      | Reached XP level 10. HP: 46/56 MP: 10/19
 12356 | D:9      | Gained mutation: Potions cannot restore your health. [Ru
                  | sacrifice]
 12356 | D:9      | Reached *** piety under Ru
 12802 | D:10     | Entered Level 10 of the Dungeon
 13140 | D:10     | Noticed Erolcha
 14415 | D:11     | Reached skill level 5 in Fighting
 14566 | D:11     | Noticed a two-headed ogre
 14606 | D:11     | Killed a two-headed ogre
 14607 | D:11     | Reached skill level 7 in Spellcasting
 14607 | D:11     | Reached XP level 11. HP: 63/63 MP: 1/21
 15096 | D:11     | Learned a level 4 spell: Summon Lightning Spire
 15557 | D:11     | Noticed a two-headed ogre
 15574 | D:11     | Killed a two-headed ogre
 16328 | D:11     | Found a staircase to the Lair.
 16472 | D:11     | Gained mutation: You cannot study or use magical devices.
                  | [Ru sacrifice]
 16472 | D:11     | Reached **** piety under Ru
 16472 | D:11     | Reached ***** piety under Ru
 16790 | D:11     | Found a staircase to the Orcish Mines.
 17066 | Lair:1   | Entered Level 1 of the Lair of Beasts
 17105 | Lair:1   | Reached skill level 5 in Dodging
 17757 | Lair:1   | Reached skill level 8 in Spellcasting
 17945 | Lair:1   | Reached skill level 5 in Short Blades
 17947 | Lair:1   | Reached XP level 12. HP: 69/69 MP: 7/24
 18497 | Lair:2   | Noticed a seven-headed hydra
 18497 | Lair:2   | Found a staircase to the Swamp.
 18559 | Lair:2   | Reached skill level 1 in Air Magic
 18939 | Lair:2   | Noticed Prince Ribbit
 18959 | Lair:2   | Killed Prince Ribbit
 19027 | Lair:2   | Noticed a death yak
 19116 | Lair:2   | Killed a seven-headed hydra
 19210 | Lair:2   | Found a hole to the Spider Nest.
 19306 | Lair:2   | Reached skill level 5 in Summonings
 19607 | Lair:2   | Noticed a death yak
 19887 | Lair:2   | Identified the +5 shortbow "Hinivaps" {vorpal, rElec Str+3
                  | Int+3 Dex+4}
 20300 | Lair:2   | Gained mutation: You cannot train Armour skill. [Ru
                  | sacrifice]
 20300 | Lair:2   | Reached ****** piety under Ru
 20325 | Lair:2   | Killed a death yak
 20326 | Lair:2   | Reached skill level 5 in Translocations
 20332 | Lair:2   | Killed a death yak
 20893 | Lair:3   | Reached skill level 5 in Hexes
 21109 | Lair:3   | Noticed a seven-headed hydra
 21114 | Lair:3   | Killed a seven-headed hydra
 21482 | Lair:3   | Reached skill level 9 in Spellcasting
 21482 | Lair:3   | Reached XP level 13. HP: 73/75 MP: 17/26
 24278 | Lair:4   | Learned a level 6 spell: Starburst
 26078 | Lair:5   | Noticed Josephine
 26512 | Lair:6   | Entered Level 6 of the Lair of Beasts
 26888 | Lair:5   | Killed Josephine
 27285 | Lair:6   | Gained mutation: Your large and strong wings let you fly.
                  | [Gargoyle growth]
 27285 | Lair:6   | Reached XP level 14. HP: 80/81 MP: 11/27
 27945 | Lair:6   | Found a staircase to the Slime Pits.
 27945 | Lair:6   | Found a viscous altar of Jiyva.
 27963 | Lair:6   | Reached skill level 10 in Spellcasting
 30882 | Lair:6   | Noticed a dire elephant
 31448 | Lair:6   | Killed a dire elephant
 32124 | Lair:6   | Reached skill level 10 in Stealth
 32574 | Lair:6   | Learned a level 7 spell: Orb of Destruction
 33235 | Lair:6   | Reached XP level 15. HP: 81/89 MP: 12/29
 33705 | Orc:1    | Entered Level 1 of the Orcish Mines
 34125 | Orc:1    | Reached skill level 11 in Spellcasting
 34282 | Orc:1    | Noticed an orc warlord
 34336 | Orc:1    | Killed an orc warlord
 34674 | Orc:2    | Entered Level 2 of the Orcish Mines
 34674 | Orc:2    | Found a staircase to the Elven Halls.
 34681 | Orc:2    | Noticed Donald
 35334 | Orc:2    | Found Paugiz's Book Emporium.
 35567 | Orc:2    | Found Huutze's Antique Armour Emporium.
 35572 | Orc:2    | Found a bloodstained altar of Trog.
 35576 | Orc:2    | Bought a spiked cloak for 285 gold pieces
 35576 | Orc:2    | Identified the +2 cloak of Gluttony {rF- rC++ Str+5} (You
                  | bought it in a shop on level 2 of the Orcish Mines)
 35576 | Orc:2    | Bought a glowing cloak for 225 gold pieces
 35586 | Orc:2    | Bought a silken robe for 171 gold pieces
 35586 | Orc:2    | Identified the +5 robe of the Valley {rElec rN+ Dex+6} (You
                  | bought it in a shop on level 2 of the Orcish Mines)
 35598 | Orc:2    | Found Niobep's Assorted Antiques.
 35796 | Orc:2    | Found Ziatt's General Store.
 36445 | Orc:2    | Killed Donald
 37336 | Orc:2    | Paralysed by an orc sorcerer for 4 turns
 37562 | Orc:2    | Found Rum Ruerr's Assorted Antiques.
 37562 | Orc:2    | Found Baolironli's Jewellery Emporium.
 37564 | Orc:2    | Found Xutakk's Jewellery Boutique.
 37564 | Orc:2    | Found Socvohang's Antique Weapon Emporium.
 37571 | Orc:2    | Bought a scroll of blinking for 157 gold pieces
 37571 | Orc:2    | Bought 2 scrolls of magic mapping for 147 gold pieces
 37571 | Orc:2    | Bought a scroll of identify for 42 gold pieces
 37579 | Orc:2    | Bought the amulet "Yfoiwuiv" {Regen+ Str+3 Int+4 Dex+4} for
                  | 661 gold pieces
 37582 | Orc:2    | Bought the ring of Hyde {Will+ rCorr Int+3 SInv} for 517
                  | gold pieces
 38019 | D:12     | Found Mothab's Antique Weapon Shop.
 39686 | Swamp:1  | Entered Level 1 of the Swamp
 40055 | Swamp:1  | Reached skill level 10 in Conjurations
 40078 | Swamp:1  | Noticed Kirke
 40101 | Swamp:1  | Killed Kirke
 40719 | Swamp:2  | Noticed Aizul
 40995 | Swamp:2  | Killed Aizul
 41275 | Swamp:2  | Reached skill level 12 in Spellcasting
 42174 | Swamp:2  | Noticed a fenstrider witch
 42229 | Swamp:2  | Killed a fenstrider witch
 42471 | Swamp:3  | Reached XP level 16. HP: 86/97 MP: 16/32
 42796 | Swamp:3  | Reached skill level 10 in Fighting
 43826 | Swamp:3  | Got the Reference Book on Dark Arts and Bewitchment
 43876 | Swamp:3  | Noticed a fenstrider witch
 43893 | Swamp:3  | Killed a fenstrider witch
 44005 | Swamp:3  | Noticed a tentacled monstrosity
 44295 | Swamp:4  | Entered Level 4 of the Swamp
 44443 | Swamp:4  | Noticed a fenstrider witch
 44449 | Swamp:4  | Killed a fenstrider witch
 45219 | Swamp:4  | Learned a level 6 spell: Summon Cactus Giant
 46269 | Swamp:4  | Reached skill level 13 in Spellcasting
 46728 | Swamp:4  | Got a decaying rune of Zot
 47336 | Spider:1 | Entered Level 1 of the Spider Nest
 48042 | Spider:1 | Reached XP level 17. HP: 65/93 MP: 6/34
 48312 | Spider:1 | Reached skill level 10 in Fire Magic
 48563 | Spider:1 | Noticed Nikola
 52698 | Spider:3 | Reached skill level 14 in Spellcasting
 53059 | Spider:2 | HP: 1/86 [ghost moth (15)]
 53059 | Spider:2 | Slain by a ghost moth

Illustrated notes

Levels and vault maps discovered:
D:1:      tarquinn_simple_flora_water_e, layout_basic
D:2:      layout_basic, basic_ecumenical_altar, minmay_vboxes
D:3:      layout_rooms, uniq_jessica, uniq_grinder
D:4:      layout_cave_pods, grunt_temple_overflow_diamond, temple_fountains,
          enter_ossuary_5, st_stairs_13
D:5:      layout_basic, lemuel_tele_altar, fiery_altar_vehumet, uniq_ijyb
D:6:      layout_loops_ring, grunt_temple_overflow_open, uniq_crazy_yiuf_cottage
D:7:      layout_loops_corners, kennysheep_mini_moat
D:8:      layout_loops_corners, pdpol_temple_overflow_zin_treasury_gozag_greed,
          minivault_25, kennysheep_boxes, uniq_erica, uniq_harold
D:9:      layout_irregular_city
D:10:     layout_irregular_city, uniq_erolcha
D:11:     layout_basic, grunt_lair_entry_orc_guard_hut,
          kennysheep_orc_monster_closet_entryway
D:12:     layout_basic, serial_shops, nicolae_shop_advertising_works
          [nicolae_subvault_shop_adworks], portal_ice_cave_rime
Temple:   jpeg_temple_island
Lair:1:   layout_gridlike
Lair:2:   layout_hall_layers, minmay_swamp_entry_reptiles,
          spider_nest_entry_funnel_web, lemuel_fruit_tree,
          infiniplex_staircase_pool_2, serial_bayou_shore_a, uniq_prince_ribbit2
Lair:3:   layout_gridlike, grunt_megastairs_2
Lair:4:   layout_gridlike
Lair:5:   nzn_winding_woodlands_stair_cross [nzn_winding_woodlands_5x15_crooked,
          nzn_winding_woodlands_center_diamonds,
          nzn_winding_woodlands_5x15_split_checker,
          nzn_winding_woodlands_5x5_cross, nzn_winding_woodlands_5x5_perimeter,
          nzn_winding_woodlands_5x15_cabin, nzn_winding_woodlands_center_lodge,
          nzn_winding_woodlands_5x15_default], layout_cave_shapes,
          uniq_josephine
Lair:6:   hangedman_lair_in_review, layout_hall_layers,
          hangedman_lair_tendril_chambers, slime_altar_1, special_room
          [special_room_mythical_zoo], chequers_serial_rivers_small_b,
          chequers_serial_rivers_small_b
Swamp:1:  layout_basic_swamp, evilmike_swamp_ruin_house_1, swamp_pool4,
          uniq_kirke
Swamp:2:  layout_basic_swamp, evilmike_swamp_ruin_rubble_1, swamp_pool2,
          nicolae_swamp_big_swirl, uniq_aizul
Swamp:3:  cheibrodos_swamp_monstrosity, layout_basic_swamp,
          evilmike_swamp_ruin_house_2, swamp_pool2
Swamp:4:  swamp_vile, layout_basic_swamp
Spider:1: layout_chambers, nicolae_spider_not_touching_you, uniq_nikola
Spider:2: layout_spider_delve, guppyfry_spider_mini_2
Spider:3: layout_spider_delve, spiders_nest_ghost_moth_duel
Orc:1:    layout_caves, minmay_orc_temple_b
Orc:2:    grunt_orc_tribal_feast, layout_caves, serial_shops,
          nicolae_shop_crystal, nicolae_shop_waterfront, shop,
          nicolae_shop_competitors_out_of_business, basic_altar, uniq_donald

Skill      XL: |  1  2  3  4  5  6  7  8  9 10 11 12 13 14 15 16 17 |
---------------+----------------------------------------------------+-----
Dodging        | 2 3 4 5 6 7 8 9 |  9.3
Conjurations   | 2 3 4 5 6 7 8 9 10 11 | 11.9
Stealth        | 3 4 5 6 7 8 9 10 11 | 11.0
Spellcasting   | 3 4 5 6 7 8 9 10 12 13 14 | 14.0
Fighting       | 1 2 3 4 5 6 7 8 9 10 11 | 11.5
Short Blades   | 1 2 3 4 5 6 |  6.4
Fire Magic     | 4 5 6 7 8 9 10 | 10.5
Summonings     | 1 2 3 4 5 6 8 |  8.7
Translocations | 1 2 3 4 5 6 7 |  7.0
Hexes          | 1 2 3 4 5 6 |  6.8
Air Magic      | 2 3 4 |  4.6

Action                   |  1- 3 |  4- 6 |  7- 9 | 10-12 | 13-15 | 16-18 || total
-------------------------+-------+-------+-------+-------+-------+-------++-------
Melee: Unarmed           |    17 |       |       |       |       |       ||    17
       Dagger            |       |    38 |     2 |       |       |       ||    40
       Punch             |       |     1 |       |       |     1 |     5 ||     7
       Staff             |       |       |     4 |    13 |    57 |   194 ||   268
 Cast: Foxfire           |    50 |    86 |   106 |   279 |   642 |   429 ||  1592
       Scorch            |    14 |    16 |    76 |   141 |    39 |       ||   286
       Inner Flame       |       |       |    12 |    32 |    44 |     8 ||    96
       Conjure Flame     |       |       |    10 |    20 |     7 |       ||    37
       Flame Wave        |       |       |     3 |     6 |     3 |       ||    12
       Iskenderun's Myst |       |       |       |    43 |   322 |   292 ||   657
       Summon Lightning  |       |       |       |    10 |   107 |    11 ||   128
       Summon Guardian G |       |       |       |     1 |     1 |       ||     2
       Starburst         |       |       |       |       |     4 |       ||     4
       Orb of Destructio |       |       |       |       |     1 |     5 ||     6
       Summon Cactus Gia |       |       |       |       |       |     8 ||     8
Invok: Sacrifice Health  |       |       |     1 |       |       |       ||     1
       Sacrifice Purity  |       |       |     1 |     1 |       |       ||     2
       Draw Out Power    |       |       |       |     1 |    10 |     9 ||    20
       Sacrifice Artific |       |       |       |     1 |       |       ||     1
       Apocalypse        |       |       |       |     3 |     7 |     6 ||    16
       Power Leap        |       |       |       |     2 |     3 |     1 ||     6
       Sacrifice Durabil |       |       |       |     1 |       |       ||     1
  Use: Scroll            |       |     1 |     8 |     2 |     7 |    13 ||    31
       Potion            |       |       |       |       |     1 |     2 ||     3
 Stab: Sleeping          |       |     1 |       |       |       |       ||     1
       Invisible         |       |       |       |     1 |     1 |     8 ||    10
       Distracted        |       |       |       |       |     1 |     1 ||     2
       Paralysed         |       |       |       |       |       |     9 ||     9
Armor: Robe              |    15 |    22 |    32 |    52 |   135 |   273 ||   529
Dodge: Dodged            |    32 |    22 |    90 |    98 |   249 |   495 ||   986
Block: Other             |       |       |       |       |     2 |       ||     2
